 Dungeon Crawl Stone Soup version 0.32-a0-540-g866d13106e (webtiles) character file.

Game seed: 17841031440630990545

154 grandjackal the Slasher (level 5, -2/42 HPs)
             Began as a Demonspawn Gladiator on Feb 29, 2024.
             Slain by a kobold
             ... wielding a +0 whip
              (4 damage)
             ... on level 2 of the Dungeon.
             The game lasted 00:01:36 (1431 turns).

grandjackal the Slasher (Demonspawn Gladiator)      Turns: 1431, Time: 00:01:37

Health: -2/42      AC:  4    Str: 14    XL:     5   Next: 13%
Magic:  0/5        EV: 12    Int:  8    God:
Gold:   56         SH:  0    Dex: 17    Spells: 4/4 levels left

rFire   . . .        a - +0 long sword
rCold   . . .        (no shield)
rNeg    . . .        b - +0 leather armour
rPois   .            c - +0 helmet
rElec   .            (no cloak)
rCorr   .            (no gloves)
SInv    .            (no boots)
Will    .....        (no amulet)
Stlth   +            (no ring)
HPRegen 0.27/turn    (no ring)
MPRegen 0.18/turn

%: guardian spirit
@: no status effects
A: magic shield, magic regeneration
a: no special abilities


You were on level 2 of the Dungeon.
You visited 1 branch of the dungeon, and saw 2 of its levels.

You collected 56 gold pieces.

Inventory:

Hand Weapons
 a - a +0 long sword (weapon)
Missiles
 d - 3 throwing nets (quivered)
 e - a javelin
 g - 7 poisoned darts
Armour
 b - a +0 leather armour (worn)
 c - a +0 helmet (worn)
Jewellery
 p - a ring of protection from fire
Scrolls
 f - a scroll of enchant weapon {unknown}
 h - 2 scrolls of silence {unknown}
 i - 3 scrolls of noise {unknown}
 k - a scroll of brand weapon {unknown}
 l - a scroll of blinking {unknown}
 m - a scroll of identify {unknown}
 n - a scroll of vulnerability {unknown}
 o - a scroll of enchant armour {unknown}
Potions
 j - a potion of invisibility {unknown}


   Skills:
 + Level 3.8 Fighting
 + Level 4.0 Long Blades
 - Level 2.1 Throwing
 - Level 3.0 Dodging


You had 4 spell levels left.
You didn't know any spells.
Your spell library was empty.

Dungeon Overview and Level Annotations

Branches:
Dungeon (2/15)

Altars:


Innate Abilities, Weirdness & Mutations

When hurt, damage is shared between your health and your magic reserves.
You regenerate magic rapidly.


Message History

The goblin barely misses you. The goblin hits you with a +0 dagger.
You closely miss the goblin.
The goblin is moderately wounded.
The goblin hits you with a +0 dagger.
You slash the goblin!
You kill the goblin!
You hit the hobgoblin.
The hobgoblin is moderately wounded.
The hobgoblin barely misses you.
You hit the hobgoblin but do no damage.
The hobgoblin is moderately wounded.
The hobgoblin hits you but does no damage.
You slash the hobgoblin!
You kill the hobgoblin!
The endoplasm closely misses you.
You barely miss the endoplasm. The endoplasm freezes you.
You are frozen.
You barely miss the endoplasm. The endoplasm freezes you.
You are frozen.
* * * LOW HITPOINT WARNING * * *
You hit the endoplasm.
The endoplasm is severely wounded.
The endoplasm freezes you.
You are frozen.
* * * LOW HITPOINT WARNING * * *
You hit the endoplasm.
The endoplasm is almost dead.
The endoplasm freezes you.
You are frozen.
* * * LOW HITPOINT WARNING * * *
You hit the endoplasm.
You kill the endoplasm!
The kobold throws a stone.
The stone closely misses you.
You miss the kobold. The kobold closely misses you.
You closely miss the kobold. The kobold hits you with a +0 whip.
* * * LOW HITPOINT WARNING * * *
You barely miss the kobold. The kobold hits you with a +0 whip.
You die...

#......#.# #..
.... #.######.#
#.# ...# #.# #.#
#.# ..K.# #.# #.#
#.# .J. #.#
#.###g###K####.
#.#
#...#.......... ##
#.#
#.#.S.g.......###.
#.#
#K###K......####..
#.# #@# #....####
#..# #.# #.#
#.#### ##..# #.#
#.# #...### #...#
##.# #.# #.....##
#...# #..# #.#
#......###....
#.## #.#
#.###..##....# #.#
#.# #.###...#....#
#.# #.#
#..##...#....# #.#
#.............


You could see a kobold.

Vanquished Creatures
  Natasha (thrice) (D:2)
  A gnoll (D:1)
  2 adders (D:2)
  3 dart slugs (D:1)
  A ribbon worm (D:2)
  A bat (D:1)
  5 endoplasms
  3 giant cockroaches
  3 goblins
  4 hobgoblins
  2 quokkas (D:1)
  6 ball pythons
  3 frilled lizards
  2 kobolds
  6 rats
45 creatures vanquished.

Notes
Turn   | Place    | Note
-------+----------+-------------------------------------------
     0 | D:1      | grandjackal the Demonspawn Gladiator began the quest for
                  | the Orb.
     0 | D:1      | Reached XP level 1. HP: 16/16 MP: 1/1
    73 | D:1      | Gained mutation: You regenerate magic rapidly. [demonic
                  | ancestry]
    73 | D:1      | Reached XP level 2. HP: 22/22 MP: 2/2
   283 | D:1      | Reached skill level 3 in Long Blades
   382 | D:1      | Reached XP level 3. HP: 28/28 MP: 3/3
   383 | D:1      | Found a faded altar of an unknown god.
   890 | D:2      | Noticed Natasha
   907 | D:2      | Killed Natasha
   908 | D:2      | Gained mutation: When hurt, damage is shared between your
                  | health and your magic reserves. [demonic ancestry]
   908 | D:2      | Reached XP level 4. HP: 13/35 MP: 4/4
  1084 | D:2      | Noticed Natasha
  1092 | D:2      | Killed Natasha
  1097 | D:2      | Noticed Natasha
  1113 | D:2      | Killed Natasha
  1264 | D:2      | Reached XP level 5. HP: 18/42 MP: 3/5
  1409 | D:2      | Reached skill level 4 in Long Blades
  1430 | D:2      | HP: 2/42 [kobold/+0 whip (4)]
  1431 | D:2      | Slain by a kobold

Illustrated notes

Levels and vault maps discovered:
D:1:      ebering_trefoil_3fold, layout_loops_ring, basic_ecumenical_altar
D:2:      minmay_recursive_quarters, layout_loops_ring, basic_altar,
          feat_on_display, uniq_natasha, uniq_crazy_yiuf_cottage

Skill      XL: |  1  2  3  4  5 |
---------------+----------------+-----
Throwing       | 2 |  2.1
Dodging        | 3 |  3.0
Long Blades    | 3 4 |  4.0
Fighting       | 3 |  3.8

Action                     |  1- 3 |  4- 6 || total
---------------------------+-------+-------++-------
  Melee: Long sword        |    83 |    79 ||   162
 Armour: Leather armour    |    49 |   125 ||   174
  Dodge: Dodged            |    71 |    50 ||   121

Table legend: (Time is in decaauts)
 A = Elapsed time spent in this place.
 B = Non-inter-level travel time spent in this place.
 C = Inter-level travel time spent in this place.
 D = Time resting spent in this place.
 E = Time spent auto-exploring this place.
 F = Levels seen in this place.
 G = Mean time per level.
                   A        B        C        D        E       F      G
               +--------+--------+--------+--------+--------+-----+--------+
         Total |   1475 |   1464 |     11 |    326 |    779 |   2 |  737.5 |
       Dungeon |   1475 |   1464 |     11 |    326 |    779 |   2 |  737.5 |
               +--------+--------+--------+--------+--------+-----+--------+

Top non-repeatable levels by time:
     D:2: 825 daAuts
     D:1: 649 daAuts
